 Dungeon Crawl Stone Soup version 0.21-a0-421-gfc1ce30 (webtiles) character file.

7211 dricus the Thaumaturge (level 11, -1/54 HPs)
             Began as a Gargoyle Fire Elementalist on Nov 4, 2017.
             Was an Elder of Sif Muna.
             Slain by a vampire (10 damage)
             ... on level 10 of the Dungeon.
             The game lasted 00:34:11 (14416 turns).

dricus the Thaumaturge (GrFE)                      Turns: 14416, Time: 00:34:11

Health: -1/54      AC: 19    Str: 12    XL:     11   Next: 11%
Magic:  28/35      EV: 12    Int: 19    God:    Sif Muna [****..]
Gold:   417        SH:  0    Dex: 10    Spells: 15/32 levels left

rFire    + . .     SeeInvis .   b - +0 hunting sling
rCold    . . .     Gourm    .   (no shield)
rNeg     + . .     Faith    .   V - +2 robe {MR+}
rPois    ∞         Spirit   .   C - +1 helmet
rElec    +         Reflect  .   N - +2 cloak
rCorr    .         Harm     .   (no gloves)
MR       +....                  K - +1 pair of boots
Stlth    ++........             (no amulet)
HPRegen  0.18/turn              y - ring of magical power
MPRegen  0.24/turn              M - ring of protection from fire

@: divine energy
A: negative energy resistance 1, electricity resistance, unbreathing,
petrification resistance, rot immunity, AC +8
a: Stop Divine Energy, Channel Magic, Forget Spell, Renounce Religion


You were on level 10 of the Dungeon.
You worshipped Sif Muna.
Sif Muna was greatly pleased with you.
You were hungry.

You visited 2 branches of the dungeon, and saw 11 of its levels.

You collected 417 gold pieces.

Inventory:

Hand Weapons
 a - a +0 dagger
 b - a +0 hunting sling (weapon)
Missiles
 d - 220 stones (quivered)
 j - 133 sling bullets
Armour
 C - a +1 helmet (worn)
 D - a +1 robe of cold resistance
 K - a +1 pair of boots (worn)
 L - the +1 robe of Decompression {rElec Int+6}
   (You found it on level 6 of the Dungeon)

   It affects your intelligence (+6).
   It insulates you from electricity.
 N - a +2 cloak (worn)
 V - a +2 robe of magic resistance (worn)
Jewellery
 y - a ring of magical power (left hand)
 M - a ring of protection from fire (right hand)
 O - an uncursed ring of stealth
Wands
 r - a wand of random effects (24/48)
 Q - a wand of iceblast (4/15)
 R - a wand of polymorph (11/24)
 T - a wand of enslavement (14/24)
 U - a wand of enslavement (7/24)
 W - a wand of polymorph (14/24)
 X - a wand of lightning (6/15)
Scrolls
 g - 10 scrolls of teleportation
 h - a scroll of blinking
 i - 5 scrolls of recharging
 m - 4 scrolls of remove curse
 n - a scroll of immolation
 q - a scroll of acquirement {unknown}
 s - 2 scrolls of enchant weapon {unknown}
 u - a scroll of magic mapping
 w - 4 scrolls of amnesia
 F - a scroll of fear
 P - a scroll of identify {@r9}
 S - a scroll of torment {unknown}
Potions
 e - a potion of mutation
 f - 3 potions of resistance
 k - 2 potions of flight
 l - a potion of haste
 o - 3 potions of lignification
 p - 3 potions of curing {@q9}
 v - 2 potions of magic
 x - a potion of cancellation
 A - 3 potions of heal wounds {@q0}
 B - a potion of agility
 I - 2 potions of might
 J - 4 potions of brilliance
Books
 t - a book of Flames

   Spells                             Type                      Level
   a - Flame Tongue                   Conjuration/Fire             1
   b - Throw Flame                    Conjuration/Fire             2
   c - Conjure Flame                  Conjuration/Fire             3
   d - Inner Flame                    Hexes/Fire                   3
   e - Sticky Flame                   Conjuration/Fire             4
   f - Fireball                       Conjuration/Fire             5
 G - a book of Misfortune

   Spells                             Type                      Level
   a - Confusing Touch                Hexes                        1
   b - Confuse                        Hexes                        3
   c - Gell's Gravitas                Translocation                3
   d - Petrify                        Transmutation/Earth          4
   e - Metabolic Englaciation         Hexes/Ice                    5
   f - Yara's Violent Unravelling     Hexes/Transmutation          5
 H - a book of Maledictions

   Spells                             Type                      Level
   a - Corona                         Hexes                        1
   b - Ensorcelled Hibernation        Hexes/Ice                    2
   c - Confuse                        Hexes                        3
   d - Tukima's Dance                 Hexes                        3
   e - Dazzling Spray                 Conjuration/Hexes            3
Comestibles
 c - 2 bread rations
 z - 4 royal jellies
 E - 6 meat rations


   Skills:
 - Level 1.5 Dodging
 - Level 2.1 Stealth
 * Level 11.0 Spellcasting
 + Level 9.2 Conjurations
 + Level 9.0 Fire Magic


You had 15 spell levels left.
You knew the following spells:

 Your Spells              Type           Power        Failure   Level  Hunger
a - Flame Tongue          Conj/Fire      #####        1%          1    None
b - Conjure Flame         Conj/Fire      #####...     1%          3    None
c - Sticky Flame          Conj/Fire      #####...     1%          4    ##.....
d - Fireball              Conj/Fire      #####.....   4%          5    ####...
e - Apportation           Tloc           ##....       7%          1    None
f - Dazzling Spray        Conj/Hex       ####..       3%          3    None


Dungeon Overview and Level Annotations

Branches:
Dungeon (10/15)            Temple (1/1) D:5            Lair (0/6) D:9
    Orc: D:9-12

Altars:
Cheibriados
Dithmenos
Elyvilon
Fedhas
Gozag
Hepliaklqana
Kikubaaqudgha
Makhleb
Nemelex Xobeh
Okawaru
Qazlal
Ru
Sif Muna
Trog
Uskayaw
Vehumet
Wu Jian
Xom
Yredelemnul
Zin
The Shining One

Shops:
D:6 (

Annotations:
D:9 2 runed doors, Scuka's ghost, journeyman CeHu


Innate Abilities, Weirdness & Mutations

You are resistant to torment.
Your stone body is resilient. (AC +8)
You are immune to poison.
You resist negative energy. (rN+)
You are resistant to electric shocks. (rElec)
You can survive without breathing.
You are immune to petrification.
You are immune to rotting.


Message History

The flame tongue hits the vampire.
The vampire appears unharmed.
The vampire is heavily damaged.
The vampire burns!
The vampire is infused with unholy energy.
The vampire draws life force from you and is healed!
Casting: Flame Tongue
Confirm with . or Enter, or press ? or * to list all spells.
Aiming: Flame Tongue
Press: ? - help, Shift-Dir - straight line, f/p - vampire
Aim: a vampire (heavily damaged, slightly transparent, covered in liquid flames)
The flame tongue hits the vampire.
The vampire is severely damaged.
The vampire burns!
The vampire hits you but does no damage.
The vampire bites you but does no damage.
The vampire burns!
You start resting.
Something hits you! Something bites you!
* * * LOW HITPOINT WARNING * * *
You start resting.
Something hits you but does no damage. Something bites you!
You die...

#############
#.........).#
#.........<.#
#...........#
#...........#
#...........#
#.....@.....#
#...........#
###########'###....#
..............#....#
..............#....#
......((......#....#
..............#....#
....(....###########
.........#


There were no monsters in sight!

Vanquished Creatures
  Erica (D:9)
  Pikel (D:7)
  2 ugly things (D:8)
  Maurice (D:8)
  A troll (D:9)
  A hippogriff (D:9)
  A hungry ghost (D:6)
  A steam dragon (D:9)
  Grum (D:8)
  Menkaure (D:7)
  3 orc warriors
  2 sky beasts
  2 slaves (D:7)
  3 ice beasts
  An ogre (D:9)
  A black bear (D:8)
  A phantom (D:9)
  A necrophage (D:9)
  6 centaurs
  3 wolves (D:8)
  A big kobold (D:6)
  4 scorpions
  7 killer bees
  2 howler monkeys (D:9)
  2 crimson imps
  2 hounds
  Crazy Yiuf (D:7)
  2 bullfrog zombies
  3 centaur skeletons
  A jelly (D:8)
  5 bullfrog skeletons
  An orc priest (D:6)
  8 orc wizards
  Terence (D:3)
  5 iguanas
  10 worker ants
  A killer bee zombie (D:8)
  A hound zombie (D:2)
  A hound skeleton (D:4)
  Robin (D:3)
  7 gnolls
  8 adders
  3 shadow imps
  An ooze (D:7)
  An adder zombie (D:8)
  A worm (D:3)
  An adder skeleton (D:3)
  4 dart slugs
  6 leopard geckos
  26 orcs
  7 bats
  8 giant cockroaches
  11 hobgoblins
  14 jackals
  3 quokkas
  2 ball pythons
  6 frilled lizards
  16 goblins
  3 jackal zombies
  13 kobolds
  A leopard gecko zombie (D:5)
  A quokka skeleton (D:5)
  8 rats
  A fungus (D:7)
245 creatures vanquished.

Vanquished Creatures (others)
  A wyvern (D:7)
  A howler monkey (D:9)
2 creatures vanquished.

Grand Total: 247 creatures vanquished

Notes
Turn   | Place    | Note
-------+----------+-------------------------------------------
     0 | D:1      | dricus the Gargoyle Fire Elementalist began the quest for the Orb.
     0 | D:1      | Reached XP level 1. HP: 10/10 MP: 3/3
   244 | D:1      | Reached XP level 2. HP: 9/15 MP: 3/5
   803 | D:2      | Noticed a scorpion
  1010 | D:2      | Reached XP level 3. HP: 18/19 MP: 0/7
  1080 | D:2      | Learned a level 3 spell: Conjure Flame
  1294 | D:2      | Reached skill level 3 in Spellcasting
  1382 | D:2      | Reached XP level 4. HP: 24/24 MP: 3/8
  2071 | D:2      | Reached XP level 5. HP: 11/28 MP: 0/10
  2077 | D:2      | Learned a level 4 spell: Sticky Flame
  2391 | D:2      | Found a stormy altar of Qazlal.
  2392 | D:2      | Noticed an air elemental
  2417 | D:2      | Noticed a water elemental
  2424 | D:2      | Noticed a fire elemental
  2794 | D:3      | Noticed Terence
  2804 | D:3      | Killed Terence
  2804 | D:3      | Reached skill level 4 in Spellcasting
  3265 | D:3      | Reached XP level 6. HP: 32/32 MP: 10/12
  3940 | D:3      | Learned a level 5 spell: Fireball
  3969 | D:3      | Noticed Robin
  3974 | D:3      | Killed Robin
  4196 | D:3      | Found an opulent altar of Gozag.
  4196 | D:3      | Found a glowing silver altar of Zin.
  4915 | D:4      | Reached XP level 7. HP: 36/36 MP: 13/14
  5109 | D:4      | Reached skill level 5 in Spellcasting
  5383 | D:4      | Found a blossoming altar of Fedhas.
  5555 | D:5      | Entered Level 5 of the Dungeon
  5826 | D:5      | Reached skill level 5 in Fire Magic
  6682 | D:5      | Reached skill level 6 in Spellcasting
  6682 | D:5      | Reached XP level 8. HP: 39/41 MP: 17/17
  6960 | D:5      | Found a staircase to the Ecumenical Temple.
  6969 | Temple   | Entered the Ecumenical Temple
  7086 | Temple   | Became a worshipper of Sif Muna the Loreminder
  7146 | D:6      | Found Luovviu's Weapon Shoppe.
  7165 | D:6      | Reached skill level 5 in Conjurations
  7331 | D:6      | Found a deep blue altar of Sif Muna.
  7594 | D:6      | Identified Sif Muna's Almanac of Orientation
  7601 | D:6      | Learned a level 1 spell: Apportation
  7684 | D:6      | HP: 2/41 [orc wizard/puff of frost (4)]
  8713 | D:6      | Got a shimmering robe
  8726 | D:6      | Identified the cursed +1 robe of Decompression {rElec Int+6} (You found it on level 6 of the Dungeon)
  8799 | D:6      | Reached skill level 7 in Spellcasting
  8872 | D:6      | Reached * piety under Sif Muna
  9662 | D:7      | Noticed Pikel
  9665 | D:7      | Reached XP level 9. HP: 35/45 MP: 13/20
  9684 | D:7      | Killed Pikel
  9684 | D:7      | Reached ** piety under Sif Muna
  9684 | D:7      | Reached skill level 8 in Spellcasting
 10088 | D:7      | Found a runed door.
 10192 | D:7      | Noticed Crazy Yiuf
 10199 | D:7      | Killed Crazy Yiuf
 10287 | D:7      | Noticed Menkaure
 10301 | D:7      | Killed Menkaure
 10340 | D:7      | Found an ancient bone altar of Kikubaaqudgha.
 10501 | D:8      | Noticed a green ugly thing
 10517 | D:8      | Killed a green ugly thing
 10938 | D:8      | Reached skill level 9 in Spellcasting
 11111 | D:8      | Noticed a green ugly thing
 11155 | D:8      | Killed a green ugly thing
 11155 | D:8      | Reached *** piety under Sif Muna
 11155 | D:8      | Reached XP level 10. HP: 45/50 MP: 23/23
 11485 | D:8      | Noticed Grum
 11503 | D:8      | Killed Grum
 11915 | D:8      | Noticed Maurice
 11945 | D:8      | Killed Maurice
 11945 | D:8      | Reached skill level 10 in Spellcasting
 12333 | D:9      | Noticed Scuka's ghost (journeyman CeHu)
 12661 | D:9      | Found a burning altar of Makhleb.
 12662 | D:9      | Found a radiant altar of Vehumet.
 12692 | D:8      | Learned a level 3 spell: Dazzling Spray
 12901 | D:9      | Found a staircase to the Lair.
 12984 | D:9      | Reached **** piety under Sif Muna
 13502 | D:9      | Found an ornate altar of the Wu Jian Council.
 13573 | D:9      | Found a runed door.
 13591 | D:9      | Found a runed door.
 13614 | D:9      | Noticed Erica
 13625 | D:9      | Killed Erica
 13625 | D:9      | Reached XP level 11. HP: 52/54 MP: 25/25
 14024 | D:9      | Reached skill level 11 in Spellcasting
 14323 | D:10     | Entered Level 10 of the Dungeon
 14416 | D:10     | Slain by a vampire

Vault maps used:
D:1:      dpeg_arrival_tiny_i
D:2:      nicolae_qazlal_style_of_elements, nicolae_overflow_hidden_temple
D:3:      grunt_temple_overflow_gold_and_silver, lightli_corner_chamber,
          uniq_terence, uniq_robin
D:4:      kennysheep_mini
D:5:      minmay_temple_entry_enclosed_plants, first_bread
D:6:      serial_shops, shop, led_sif_book
D:7:      kiku_gazebo_pond_becter, uniq_menkaure, uniq_pikel,
          uniq_crazy_yiuf_cottage
D:8:      minmay_curly_fans, serial_curves, eino_curves_04, eino_curves_03,
          uniq_maurice, uniq_grum
D:9:      lemuel_insect_pit, grunt_temple_overflow_lords_of_destruction,
          kennysheep_mini_moat, uniq_erica
Temple:   dshaligram_water_room_temple

Skill      XL: |  1  2  3  4  5  6  7  8  9 10 11 |
---------------+----------------------------------+-----
Conjurations   | 2 3 4 6 7 9 |  9.2
Spellcasting   | 3 4 6 7 9 10 11 | 11.0
Fire Magic     | 4 5 6 7 8 9 |  9.0
Dodging        | |  1.5
Stealth        | |  2.1

Action                   |  1- 3 |  4- 6 |  7- 9 | 10-12 || total
-------------------------+-------+-------+-------+-------++-------
Melee: Dagger            |     2 |    23 |    53 |       ||    78
       Hunting sling     |       |    12 |       |       ||    12
 Fire: Hunting sling     |       |    65 |    38 |    65 ||   168
Throw: Stone             |    39 |    27 |     7 |     7 ||    80
 Cast: Flame Tongue      |    42 |   183 |   221 |   216 ||   662
       Conjure Flame     |       |     1 |       |       ||     1
       Sticky Flame      |       |       |    24 |    23 ||    47
       Apportation       |       |       |     1 |       ||     1
       Dazzling Spray    |       |       |       |    16 ||    16
       Fireball          |       |       |       |     4 ||     4
Invok: Divine Energy     |       |       |       |     1 ||     1
  Use: Scroll            |     4 |     4 |    12 |     4 ||    24
       Potion            |       |       |     1 |     1 ||     2
  Eat: Chunk             |     2 |    10 |    11 |     3 ||    26
       Bread ration      |       |       |     2 |       ||     2
       Royal jelly       |       |       |     1 |       ||     1
       Meat ration       |       |       |       |     1 ||     1
       Fruit             |       |       |       |     3 ||     3
Armor: Robe              |     4 |    66 |    95 |   133 ||   298
Dodge: Dodged            |    17 |    91 |   159 |   133 ||   400

Table legend:
 A = Spawn XP
 B = Non-spawn XP
 C = Spawn XP percentage of total XP
 D = Spawn monster count
 E = Non-spawn monster count
 F = Spawn count percentage of total count
 G = Total turns spent on level
                    A         B        C        D         E        F      G
               +---------+---------+-------+---------+---------+-------+---------
         Total |       0 |   10302 |   0.0 |       0 |     243 |   0.0 | 14416
               +---------+---------+-------+---------+---------+-------+---------
           D:1 |       0 |      57 |   0.0 |       0 |      15 |   0.0 |  1099
           D:2 |       0 |     189 |   0.0 |       0 |      34 |   0.0 |  1658
           D:3 |       0 |     299 |   0.0 |       0 |      48 |   0.0 |  2058
           D:4 |       0 |     235 |   0.0 |       0 |      21 |   0.0 |   745
           D:5 |       0 |     480 |   0.0 |       0 |      17 |   0.0 |  2049
           D:6 |       0 |     843 |   0.0 |       0 |      17 |   0.0 |  1605
           D:7 |       0 |    1610 |   0.0 |       0 |      22 |   0.0 |  1444
           D:8 |       0 |    3479 |   0.0 |       0 |      41 |   0.0 |  2170
           D:9 |       0 |    2962 |   0.0 |       0 |      26 |   0.0 |  1361
          D:10 |       0 |     148 |   0.0 |       0 |       2 |   0.0 |    93
               +---------+---------+-------+---------+---------+-------+---------
